 Dungeon Crawl Stone Soup version 0.19-a0-1238-gee6bd96 (webtiles) character file.

14938 Leszczynek the Basher (level 12, -3/124 HPs)
             Began as an Ogre Fighter on Aug 26, 2016.
             Was a Priest of the Shining One.
             Killed by divine providence
             ... invoked by an orc priest
              (14 damage)
             ... on level 1 of the Orcish Mines.
             The game lasted 01:01:43 (9533 turns).

Leszczynek the Basher (Ogre Fighter)                Turns: 9533, Time: 01:01:44

Health: -3/124     AC: 18    Str: 24    XL:     12   Next: 21%
Magic:  16/16      EV: 11    Int:  8    God:    the Shining One [***...]
Gold:   224        SH: 24    Dex: 15    Spells: 0 memorised, 11 levels left

rFire  + . .     SeeInvis .     a - +4 flail (protect)
rCold  . . .     Gourm    .     N - +0 mottled dragon armour
rNeg   + . .     Faith    .     B - +2 large shield
rPois  .         Spirit   .     (helmet restricted)
rElec  .         Dismiss  .     T - +0 cloak
rCorr  +         Reflect  +     (gloves unavailable)
MR     +....     Harm     .     (boots unavailable)
Stlth  +.........               W - +4 amulet of reflection
                                q - ring of resist corrosion
                                n - ring of Heucouck {rF+ AC+5 Dex+3}

@: glowing
A: unfitting armour, tough skin 1
a: Divine Shield, Renounce Religion


You were on level 1 of the Orcish Mines.
You worshipped the Shining One.
The Shining One was most pleased with you.
You were not hungry.

You visited 2 branches of the dungeon, and saw 13 of its levels.
You also visited: Labyrinth and Ossuary.

You collected 594 gold pieces.
You spent 334 gold pieces at shops.
You donated 36 gold pieces to Zin.

Inventory:

Hand Weapons
 a - a +4 flail of protection (weapon)
 Z - a +0 morningstar of crushing
Missiles
 g - 18 tomahawks (quivered)
 v - 7 throwing nets
 X - 4 large rocks
Armour
 B - a +2 large shield (worn)
 N - a +0 mottled dragon armour (worn)
 T - a +0 cloak (worn)
Rods
 b - a +2 iron rod (10/10)
   (You found it in a labyrinth)
Jewellery
 n - the ring of Heucouck (left hand) {rF+ AC+5 Dex+3}
   (You took it off a minotaur in a labyrinth)

   [ring of protection]

   It affects your AC (+5).
   It affects your dexterity (+3).
   It protects you from fire.
 q - a ring of resist corrosion (right hand)
 W - a +4 amulet of reflection (around neck)
Wands
 c - a wand of iceblast (7/15)
 f - a wand of acid (8/15)
 i - a wand of flame (25/48)
 C - a wand of lightning (9/15)
 H - a wand of polymorph (10/24)
 K - a wand of confusion (11/48)
 M - a wand of paralysis (10/24)
 P - a wand of flame (26/48)
 Q - a wand of lightning (6/15)
 R - a wand of slowing (25/48)
 S - a wand of iceblast (8/15)
Scrolls
 e - a scroll of magic mapping
 h - 5 scrolls of teleportation
 j - a scroll of holy word
 p - a scroll of recharging
 r - 3 scrolls of blinking
 u - 3 scrolls of fog
 w - 3 scrolls of remove curse
 y - a scroll of noise
 F - a scroll of brand weapon
Potions
 l - a potion of brilliance
 m - 2 potions of flight
 x - a potion of ambrosia
 z - a potion of agility
 J - a potion of cure mutation
 O - a potion of cancellation
 V - a potion of resistance
Books
 E - a book of the Warp

   Spells                             Type                      Level
   a - Gell's Gravitas                Hexes/Translocation          3
   b - Force Lance                    Conjuration/Translocation    4
   c - Summon Forest                  Summoning/Translocation      5
   d - Dispersal                      Translocation                6
   e - Controlled Blink               Translocation                8
   f - Disjunction                    Translocation                8
Comestibles
 d - 6 bread rations
 k - 5 meat rations
 o - 4 chunks of flesh
 s - 6 fruits
 U - 3 royal jellies


   Skills:
 - Level 9.4 Fighting
 - Level 13.2 Maces & Flails
 - Level 8.0 Throwing
 + Level 5.8 Dodging
 - Level 9.7 Shields
 - Level 6.5 Invocations


You had 11 spell levels left.
You didn't know any spells.

Dungeon Overview and Level Annotations

Branches:
Dungeon (12/15)            Temple (0/1) D:6             Orc (1/2) D:12
   Lair: D:8-11

Altars:
Cheibriados
Dithmenos
Fedhas
Ru
Zin
The Shining One

Shops:
D:4 ?   D:5 (   D:11 ?

Annotations:
D:3 Torax's ghost, novice OgAM
D:4 ogre, confidenceinterval's ghost, amateur GrFi
D:9 bees


Innate Abilities, Weirdness & Mutations

You are too large for most types of armour.
You have tough skin. (AC +1)


Message History

The orc shouts!
The orc priest calls down the wrath of Beogh upon you.
Beogh smites you! You block the orc warrior's attack.
The orc hits you but does no damage.
The orc moves out of view.
Things that are here:
a falchion; a leather armour; an orc corpse The orc priest casts a cantrip, but nothing happens.
You block the orc warrior's attack.
The orc wizard gestures wildly while chanting.
The orc wizard flickers and vanishes!
Deactivating autopickup; reactivate with Ctrl-A.
The orc priest calls down the wrath of Beogh upon you.
Beogh smites you!
* * * LOW HITPOINT WARNING * * *
The orc priest calls down the wrath of Beogh upon you.
Beogh smites you!
* * * LOW HITPOINT WARNING * * *
The orc priest calls down the wrath of Beogh upon you.
Beogh smites you!
You die...

**,,,,,,>,,**,,,.....##,***
,**,,......###..$......**
*,,,,#................#######
....,#..............$..#.##.####*
...,,,#............#.........#.##
...,,**#........##.#...........o.
...#####.........#.............#.
..##.#.#...........oo.oo..)#.####
...#............@..o.o{....###*,*
#.........##...........#....#*,,,
..........##........o.###..##**,*
........##)#..#.....#.# #### ***
......)##.##........### **
#.#.#.<[#####.#....##.## **,
######)## ###........# *∩, #.).#
#....#...## *≈≈ #).## ##.#.##.##
*,,


You could see 2 orc warriors, 2 orc priests and 3 orcs.

Vanquished Creatures
  A minotaur (Lab)
  A hydra (D:11)
  A hill giant (D:12)
  An orc knight (Orc:1)
  A cyclops (D:11)
  2 gargoyles (Lab)
  2 centaur skeletons (D:12)
  Psyche (D:9)
  2 trolls
  Grinder (D:6)
  3 slime creatures
  A shadow (D:9)
  A human (D:11)
  A redback (Lab)
  3 wyverns
  3 hippogriffs
  12 yaks
  Eustachio (D:6)
  A hungry ghost (D:12)
  Menkaure (D:7)
  A mottled dragon (D:12)
  A warg (D:12)
  A water moccasin (D:8)
  A phantom (D:8)
  3 ice beasts
  8 orc warriors
  4 sky beasts
  An eye of draining (D:12)
  9 centaurs
  2 ogres
  2 crocodiles
  A big kobold (D:11)
  8 giant frogs
  A gnoll sergeant (D:10)
  2 scorpions
  12 killer bees
  3 centaur zombies
  2 crimson imps
  6 jellies
  3 quasits
  9 orc priests
  5 hounds
  2 giant frog skeletons
  15 orc wizards
  2 iguanas
  6 worker ants
  A big kobold zombie (Ossuary)
  A hound skeleton (D:9)
  5 mummies (Ossuary)
  10 gnolls
  12 adders
  2 shadow imps
  An adder zombie (D:7)
  An adder skeleton (D:5)
  2 worms (D:2)
  2 dart slugs (D:2)
  5 giant geckos
  43 orcs
  4 giant cockroaches
  6 hobgoblins
  2 jackals (D:1)
  10 kobolds
  7 quokkas
  3 ball pythons
  5 bats
  A giant gecko skeleton (D:5)
  A giant gecko zombie (D:7)
  7 giant newts
  A hobgoblin zombie (Ossuary)
  A jackal zombie (D:6)
  7 rats
290 creatures vanquished.

Vanquished Creatures (others)
  A mummy (Ossuary)
1 creature vanquished.

Grand Total: 291 creatures vanquished

Notes
Turn   | Place    | Note
-------+----------+-------------------------------------------
     0 | D:1      | Leszczynek the Ogre Fighter began the quest for the Orb.
     0 | D:1      | Reached XP level 1. HP: 24/24 MP: 1/1
    30 | D:1      | Reached skill level 3 in Maces & Flails
    30 | D:1      | Reached XP level 2. HP: 32/32 MP: 2/2
   313 | D:1      | Reached skill level 4 in Maces & Flails
   313 | D:1      | Reached skill level 3 in Shields
   420 | D:2      | Reached XP level 3. HP: 39/39 MP: 3/3
   563 | D:2      | Found a faded altar of an unknown god.
   572 | D:2      | Became a worshipper of Zin the Law-Giver
   572 | D:2      | Reached * piety under Zin
   572 | D:2      | the god of doing nothing
   575 | D:2      | at least for now
   723 | D:3      | Noticed Torax's ghost (novice OgAM)
   724 | D:3      | plz
   724 | D:3      | didn't this guy play an OgAM just when i was starting this one?
   747 | D:2      | Reached XP level 4. HP: 48/48 MP: 4/4
   814 | D:3      | Found a blossoming altar of Fedhas.
   841 | D:3      | Reached skill level 5 in Maces & Flails
  1048 | D:4      | Noticed an ogre
  1056 | D:4      | huh
  1056 | D:4      | not zealous enough it says
  1056 | D:4      | i should really try playing this god some time to get an idea what he does exactly and how
  1244 | D:4      | Reached ** piety under Zin
  1249 | D:4      | Reached XP level 5. HP: 36/54 MP: 5/5
  1266 | D:4      | Found a snail-covered altar of Cheibriados.
  1338 | D:4      | Noticed confidenceinterval's ghost (amateur GrFi)
  1451 | D:2      | Reached skill level 6 in Maces & Flails
  1451 | D:2      | Reached skill level 4 in Shields
  1607 | D:3      | oh boy
  1607 | D:3      | one handed weapons only then
  1662 | D:4      | Reached XP level 6. HP: 48/62 MP: 6/6
  1682 | D:4      | Found Josh's Magic Scroll Shop.
  1695 | D:4      | Bought a scroll of blinking for 105 gold pieces
  1854 | D:4      | don't play in the morning, all the ghosts are still around
  1855 | D:5      | Entered Level 5 of the Dungeon
  1855 | D:5      | Noticed a sky beast
  1877 | D:5      | Killed a sky beast
  1877 | D:5      | Reached skill level 7 in Maces & Flails
  1881 | D:5      | Noticed an ice beast
  2123 | D:5      | Reached XP level 7. HP: 52/70 MP: 7/7
  2139 | D:5      | Found a glowing golden altar of the Shining One.
  2229 | D:6      | Reached skill level 8 in Maces & Flails
  2408 | D:6      | Found a sand-covered staircase.
  2474 | Ossuary  | Entered an ossuary
  2487 | Ossuary  | Reached skill level 5 in Shields
  2576 | Ossuary  | HP: 6/70 [centaur zombie (8)]
  2585 | Ossuary  | Reached skill level 9 in Maces & Flails
  2606 | Ossuary  | HP: 5/70 [mummy (18)]
  3167 | D:5      | Found Ozutedey's Weapon Shop.
  3245 | D:5      | Reached XP level 8. HP: 41/78 MP: 8/8
  3424 | D:6      | Noticed Grinder
  3424 | D:6      | Paralysed by Grinder for 3 turns
  3456 | D:6      | Killed Grinder
  3456 | D:6      | Reached skill level 10 in Maces & Flails
  3460 | D:6      | Reached *** piety under Zin
  3523 | D:6      | Found a staircase to the Ecumenical Temple.
  3865 | D:6      | Noticed Eustachio
  3882 | D:6      | HP: 3/78 [iron imp[Eustachio] (10)]
  3884 | D:6      | Killed Eustachio
  3884 | D:6      | Reached skill level 6 in Shields
  3914 | D:6      | Reached skill level 11 in Maces & Flails
  4101 | D:7      | Reached **** piety under Zin
  4143 | D:7      | Noticed Menkaure
  4150 | D:7      | Killed Menkaure
  4203 | D:7      | Reached skill level 5 in Fighting
  4203 | D:7      | Reached XP level 9. HP: 49/88 MP: 9/9
  4361 | D:8      | Reached skill level 7 in Shields
  4395 | D:8      | Found a shadowy altar of Dithmenos.
  4718 | D:8      | Reached skill level 6 in Fighting
  4951 | D:8      | Reached skill level 8 in Shields
  5215 | D:9      | Noticed Psyche
  5230 | D:9      | Killed Psyche
  5230 | D:9      | Reached skill level 12 in Maces & Flails
  5230 | D:9      | Reached skill level 1 in Invocations
  5432 | D:9      | Reached skill level 7 in Fighting
  5432 | D:9      | Reached skill level 2 in Invocations
  5432 | D:9      | Reached XP level 10. HP: 85/102 MP: 11/11
  5605 | D:10     | Entered Level 10 of the Dungeon
  5733 | D:10     | Reached skill level 9 in Shields
  5986 | D:10     | Reached skill level 3 in Invocations
  6320 | D:10     | Reached skill level 8 in Fighting
  6356 | D:10     | HP: 10/104 [poisoned by a killer bee]
  6644 | D:9      | Reached skill level 4 in Invocations
  6876 | D:5      | Fell from the grace of Zin
  6876 | D:5      | Became a worshipper of the Shining One
  6876 | D:5      | Reached * piety under the Shining One
  6876 | D:5      | Reached ** piety under the Shining One
  7278 | D:11     | Found a labyrinth entrance.
  7313 | Lab      | Entered a labyrinth
  7350 | Lab      | Noticed a gargoyle
  7378 | Lab      | Killed a gargoyle
  7378 | Lab      | Reached skill level 5 in Invocations
  7527 | Lab      | Noticed a gargoyle
  7539 | Lab      | Killed a gargoyle
  7675 | Lab      | Noticed a minotaur
  7685 | Lab      | Killed a minotaur
  7685 | Lab      | Reached skill level 9 in Fighting
  7685 | Lab      | Reached skill level 13 in Maces & Flails
  7685 | Lab      | Reached skill level 6 in Invocations
  7685 | Lab      | Reached XP level 11. HP: 83/115 MP: 15/15
  7687 | Lab      | Got a twitching jade ring
  7689 | Lab      | Identified the ring of Heucouck {rF+ AC+5 Dex+3} (You took it off a minotaur in a labyrinth)
  7690 | Lab      | okay
  7700 | Lab      | Got a faintly glowing morningstar
  7701 | Lab      | Identified the cursed +1 morningstar of the Curious Realms {distort, Int-5 Dex+3} (You found it in a labyrinth)
  7702 | Lab      | of course
  7702 | Lab      | time to gamble then
  8055 | D:11     | Found Taniatee's Magic Scroll Boutique.
  8065 | D:11     | Reached skill level 1 in Throwing
  8081 | D:11     | Bought a scroll of blinking for 127 gold pieces
  8081 | D:11     | Bought a scroll of teleportation for 51 gold pieces
  8081 | D:11     | Bought a scroll of teleportation for 51 gold pieces
  8114 | D:11     | Reached skill level 2 in Throwing
  8181 | D:11     | Found a sacrificial altar of Ru.
  8294 | D:11     | Reached skill level 3 in Throwing
  8332 | D:11     | Noticed a cyclops
  8342 | D:11     | Killed a cyclops
  8528 | D:12     | Reached skill level 4 in Throwing
  8554 | D:12     | Reached skill level 5 in Throwing
  8637 | D:12     | Reached skill level 6 in Throwing
  8792 | D:12     | Noticed a hill giant
  8855 | D:11     | Reached skill level 7 in Throwing
  8951 | D:11     | Noticed a six-headed hydra
  8960 | D:11     | Killed a six-headed hydra
  9018 | D:12     | Reached skill level 8 in Throwing
  9066 | D:12     | Killed a hill giant
  9066 | D:12     | Reached skill level 3 in Dodging
  9066 | D:12     | Reached XP level 12. HP: 71/124 MP: 1/16
  9098 | D:12     | Found a staircase to the Orcish Mines.
  9120 | D:12     | Reached skill level 4 in Dodging
  9137 | D:12     | Reached *** piety under the Shining One
  9211 | D:12     | Reached skill level 5 in Dodging
  9281 | Orc:1    | Entered Level 1 of the Orcish Mines
  9532 | Orc:1    | HP: 11/124 [orc priest/divine providence (14)]
  9533 | Orc:1    | Killed from afar by an orc priest

Vault maps used:
D:1:      roderic_chinese_lattice_arrival
D:2:      ecumenical_altar_2, hangedman_decor_riveting
D:3:      fedhas_altar_3
D:4:      kennysheep_mini, serial_shops, shop_statue, cheibrodos_gnoll_hut
D:5:      tso_metal_star, first_bread, serial_shops, shop,
          kennysheep_minor_cross
D:6:      chequers_ossuary_entry_cave, uniq_eustachio, uniq_grinder
D:7:      uniq_menkaure
D:8:      old_standard_altar
D:9:      minmay_statue_hallways, lair_0_dummy, serial_shops, shop, uniq_psyche
D:11:     lab_entry_generic, serial_shops, nicolae_shop_stone,
          hangedman_stone_soup, nicolae_ru_sacrificial_ziggurat
D:12:     david_orc_3
Orc:1:    nicolae_volcano_entry_vermiform
Lab:      labyrinth_green, nicolae_lab_x, nicolae_lab_plus,
          labyrinth_skeletal_remains, nicolae_lab_big_swirl
Ossuary:  ossuary_the_hunt_dpeg

Skill      XL: |  1  2  3  4  5  6  7  8  9 10 11 12 |
---------------+-------------------------------------+-----
Maces & Flails | 3 4 5 6 7 9 11 12 13 | 13.2
Shields        | 3 4 5 6 8 9 |  9.7
Fighting       | 5 7 9 |  9.4
Invocations    | 2 6 |  6.5
Throwing       | 8 |  8.0
Dodging        | 3 5 |  5.8

Action                   |  1- 3 |  4- 6 |  7- 9 | 10-12 || total
-------------------------+-------+-------+-------+-------++-------
Melee: Flail             |    85 |   182 |   359 |   443 ||  1069
       Morningstar       |       |       |       |   245 ||   245
Throw: Tomahawk          |       |       |     3 |     3 ||     6
       Throwing net      |       |       |     6 |       ||     6
Invok: Recite            |       |     4 |    20 |     3 ||    27
       Divine Shield     |       |       |       |    10 ||    10
Evoke: Wand              |       |       |       |    20 ||    20
  Use: Potion            |     1 |       |    12 |     2 ||    15
       Scroll            |       |     2 |     8 |    18 ||    28
 Stab: Confused          |       |       |     1 |       ||     1
       Held in net/web   |       |       |     1 |       ||     1
  Eat: Chunk             |       |     4 |     8 |     9 ||    21
       Pizza             |       |     1 |       |       ||     1
       Fruit             |       |       |     2 |     2 ||     4
       Royal jelly       |       |       |     1 |       ||     1
       Beef jerky        |       |       |     1 |     2 ||     3
       Bread ration      |       |       |       |     1 ||     1
Armor: Robe              |    19 |    37 |    52 |    80 ||   188
       Mottled dragon ar |       |       |       |    31 ||    31
Dodge: Dodged            |    37 |    47 |    97 |   101 ||   282
Block: Shield            |    31 |    68 |    55 |       ||   154
       Large shield      |       |       |   229 |   825 ||  1054
       Reflection        |       |       |       |    18 ||    18
